 Dungeon Crawl Stone Soup version 0.32-a0-975-g85d4e5bfdb (webtiles) character file.

Game seed: 2016337197618116545

1876 Cancer the Changeling (level 9, -12/58 HPs)
             Began as an Octopode Shapeshifter on Apr 18, 2024.
             Was a Believer of Wu Jian.
             Mangled by an ogre
             ... wielding a +0 giant spiked club
              (22 damage)
             ... on level 5 of the Dungeon.
             The game lasted 00:17:06 (4377 turns).

Cancer the Changeling (Octopode Shapeshifter)       Turns: 4377, Time: 00:17:07

Health: -12/58     AC:  5    Str: 23    XL:     9   Next: 14%
Magic:  9/9        EV: 17    Int: 13    God:    Wu Jian [**....]
Gold:   292        SH:  0    Dex: 11    Spells: 8/8 levels left

rFire   . . .        v - melded +6 club
rCold   . . .        (shield currently unavailable)
rNeg    . . .        (helmet restricted)
rPois   +            (no amulet)
rElec   .            d - +6 ring of strength
rCorr   .            g - +4 ring of protection
SInv    .            p - ring of poison resistance
Will    .....        (no ring)
Stlth   ++           (no ring)
HPRegen 0.29/turn    (no ring)
MPRegen 0.11/turn    (no ring)
                     (no ring)

%: no passive effects
@: flux-form, glowing
A: glow, contaminating, almost no armour, amphibious, 8 rings, camouflage 1,
gelatinous body 1, (nimble swimmer 1), tentacles
a: Begin Untransformation, Renounce Religion, Wall Jump


You were on level 5 of the Dungeon.
You worshipped Wu Jian.
Wu Jian was pleased with you.
You were something dangerously unstable.
You visited 1 branch of the dungeon, and saw 5 of its levels.

You collected 292 gold pieces.

Inventory:

Hand Weapons
 v - a +6 club (melded)
 z - a +2 hand axe of holy wrath
Missiles
 B - a throwing net (quivered)
Armour
 s - a +0 kite shield
 C - the +7 chain mail of Terror {rElec Slay+2}
   (You found it on level 5 of the Dungeon)

   Slay+2:    It affects your accuracy & damage with ranged weapons and melee
   (+2).
   rElec:     It insulates you from electricity.
Magical Staves
 j - a staff of fire
 w - a staff of death
Jewellery
 d - a +6 ring of strength (left tentacle)
 g - a +4 ring of protection (right tentacle)
 p - a ring of poison resistance (on tentacle)
Talismans
 b - a beast talisman
 c - a flux talisman (active)
 r - a serpent talisman
Wands
 u - a wand of flame (32)
Scrolls
 e - 2 scrolls of fear
 f - 3 scrolls of identify {unknown}
 h - a scroll of enchant weapon {unknown}
 k - a scroll of teleportation {unknown}
 m - a scroll of acquirement {unknown}
 o - a scroll of torment {unknown}
 y - a scroll of noise {unknown}
 A - a scroll of vulnerability {unknown}
 D - a scroll of immolation {unknown}
Potions
 a - 2 potions of lignification
 i - a potion of haste {unknown}
 l - a potion of cancellation {unknown}
 n - 3 potions of brilliance {unknown}
 q - a potion of curing {unknown}
 t - a potion of heal wounds {unknown}
 x - a potion of invisibility {unknown}
 E - a potion of resistance {unknown}


   Skills:
 + Level 3.6 Fighting
 - Level 4.0 Dodging
 + Level 6.3 Stealth
 * Level 6.0 Unarmed Combat
 + Level 7.7 Shapeshifting


You had 8 spell levels left.
You didn't know any spells.
Your spell library contained the following spells:

 Spells                   Type           Power      Damage    Failure   Level
 Sandblast                Erth           0%         2d4       30%         1
 Scorch                   Fire           0%         2d5       43%         2
 Passwall                 Erth           0%         N/A       67%         3
 Stone Arrow              Conj/Erth      0%         3d7       67%         3
 Summon Ice Beast         Ice/Summ       0%         N/A       67%         3
 Volatile Blastmotes      Fire/Tloc      0%         2d10      67%         3
 Leda's Liquefaction      Alch/Erth      0%         N/A       97%         4
 Petrify                  Alch/Erth      0%         N/A       97%         4
 Metabolic Englaciation   Hex/Ice        0%         N/A       100%        5
 Summon Mana Viper        Hex/Summ       0%         N/A       100%        5
 Monstrous Menagerie      Summ           0%         N/A       100%        7
 Ignition                 Fire           0%         3d3       100%        8


Dungeon Overview and Level Annotations

Branches:
Dungeon (5/15)
 Temple: D:4-7

Altars:
Wu Jian
Xom

Shops:
D:4 =

Annotations:
D:1 fear
D:3 Natasha, Pargi, Sigmund
D:4 wall


Innate Abilities, Weirdness & Mutations

You are something dangerously unstable.
You glow with magical radiation, making you easy to see and hit.
Foes you strike become dangerously contaminated with magical radiation.
You are incapable of wielding weapons or throwing items.
You cannot wear most types of armour.
You are amphibious.
You can wear up to eight rings at the same time.
Your skin changes colour to match your surroundings (Stealth+).
Your rubbery body absorbs attacks. (AC +1, EV +1)
((You are camouflaged when in or above water. (Stealth+)))
You have tentacles for arms and can constrict up to eight enemies at once.


Message History

The phantom is almost destroyed.
The phantom barely misses you.
You tentacle-slap the phantom but do no damage.
The phantom shudders as magic cascades through it!!
You destroy the phantom!
The Council accepts your kill.
Your Unarmed Combat skill increases to level 6!
You tentacle-slap the orc.
The orc begins to glow.
You grab the orc. You squeeze the orc, but do no damage.
The orc is moderately wounded.
You constrict the orc. The orc hits you with a +0 war axe.
* * * LOW HITPOINT WARNING * * *
You tentacle-slap the iguana.
The iguana begins to glow.
You grab the iguana. You squeeze the iguana!
The iguana is severely wounded.
You constrict the orc.
You kill the orc!
The Council accepts your kill.
You constrict the iguana.
The iguana bites you but does no damage.
You completely miss the iguana.
The iguana is almost dead.
You constrict the iguana.
You kill the iguana!
The Council accepts your kill.
There is an open door here.
Cornered, the orc turns to fight!
The ogre hits you with a +0 giant spiked club!
* * * LOW HITPOINT WARNING * * *
Things that are here:
a +0 falchion; a +0 scale mail
There is an open door here.
You tentacle-slap the ogre.
The ogre begins to glow.
The ogre is lightly wounded.
The ice beast seems to regain its courage.
You tentacle-slap the ogre.
The ogre glows dangerously bright.
You squeeze the ogre!
The ogre is heavily wounded.
The ogre hits you with a +0 giant spiked club!!
You die...

#...........####
##..##
#..............##
####
##..............##
#......#####....#
##.....##.(!##...#
##......#.)...#...#
#...†...#...$.#..##
####
#...#'#.#.$)?)#..#
###...
#..##)###p..$##.##
##.....
##.#.Yo†O#####..#
#......
#.##.###'##...##
##...... # #..####
..##..# ##....... #
##....# ...#.##
#........ # ###..#
(..#)# #........ #
####...##..##.##
#........ #
#....#..####...#
##....... #
#.#####......#.##
##......


You could see an ice beast, an ogre (heavy contam) and an orc.

Vanquished Creatures
  Grinder (D:3)
  Eustachio (D:5)
  A black bear (D:5)
  2 ogres
  4 phantoms
  A scorpion (D:5)
  A howler monkey (D:5)
  2 jellies
  2 orc priests
  A hound (D:5)
  4 bombardier beetles
  A gnoll bouda (D:5)
  5 iguanas
  Ijyb (D:3)
  2 orc wizards (D:5)
  4 adders
  22 gnolls
  2 shadow imps (D:5)
  A white imp (D:5)
  A dart slug (D:5)
  2 ribbon worms (D:2)
  20 orcs
  6 bats
  6 endoplasms
  3 giant cockroaches
  4 goblins
  8 hobgoblins
  7 kobolds
  4 quokkas
  6 ball pythons
  7 frilled lizards
  6 rats
138 creatures vanquished.

Notes
Turn   | Place    | Note
-------+----------+-------------------------------------------
     0 | D:1      | Cancer the Octopode Shapeshifter began the quest for the
                  | Orb.
     0 | D:1      | Reached XP level 1. HP: 13/13 MP: 1/1
    72 | D:1      | Reached skill level 1 in Stealth
    72 | D:1      | Reached XP level 2. HP: 5/18 MP: 2/2
   523 | D:2      | Reached XP level 3. HP: 19/23 MP: 3/3
   619 | D:2      | Got the Anthology of Kindling
   847 | D:2      | Reached skill level 4 in Shapeshifting
   916 | D:2      | Reached XP level 4. HP: 16/28 MP: 4/4
  1450 | D:3      | Found a faded altar of an unknown god.
  1455 | D:3      | Noticed Natasha
  1518 | D:3      | Noticed Grinder
  1519 | D:3      | Paralysed by Grinder for 5 turns
  1527 | D:3      | Killed Grinder
  1528 | D:3      | Reached skill level 5 in Shapeshifting
  1528 | D:3      | Reached XP level 5. HP: 24/33 MP: 5/5
  1528 | D:3      | Reached XP level 6. HP: 28/38 MP: 6/6
  1588 | D:3      | Found a shimmering altar of Xom.
  1588 | D:3      | Noticed Sigmund
  1616 | D:3      | Noticed Ijyb
  1620 | D:3      | Noticed Pargi
  1760 | D:3      | Killed Ijyb
  1761 | D:3      | Reached skill level 6 in Shapeshifting
  2444 | D:4      | Reached XP level 7. HP: 36/43 MP: 7/7
  2454 | D:4      | Found Xunuy's Jewellery Shoppe.
  2638 | D:4      | Reached skill level 7 in Shapeshifting
  2862 | D:4      | Found an ornate altar of the Wu Jian Council.
  2996 | D:4      | Noticed a spectral centipede
  2996 | D:4      | Noticed a spectral black mamba
  2996 | D:4      | Noticed a spectral cane toad
  2997 | D:4      | Became a worshipper of the Wu Jian Council
  3341 | D:5      | Entered Level 5 of the Dungeon
  3387 | D:5      | Reached XP level 8. HP: 45/50 MP: 8/8
  3537 | D:5      | Reached skill level 5 in Stealth
  3540 | D:5      | Reached * piety under Wu Jian
  3738 | D:5      | Identified the +7 chain mail of Terror {rElec Slay+2}
  3997 | D:5      | Reached skill level 5 in Unarmed Combat
  4088 | D:5      | Noticed Eustachio
  4096 | D:5      | Killed Eustachio
  4346 | D:5      | Reached XP level 9. HP: 57/57 MP: 9/9
  4355 | D:5      | Reached ** piety under Wu Jian
  4377 | D:5      | Mangled by an ogre

Illustrated notes

Levels and vault maps discovered:
D:1:      elethiomel_arrival_maze, layout_basic
D:2:      layout_rooms, serial_corexii_hall, chequers_hall_statues_y,
          corexii_hall_statues_s
D:3:      layout_rooms, mainiacjoe_overflow_tiny_flanked,
          nicolae_ecumenical_pavilion, uniq_crazy_yiuf_cottage, uniq_sigmund,
          uniq_pargi, uniq_natasha, uniq_ijyb, uniq_grinder
D:4:      layout_gridville, pdpol_wu_jian_five_deadly_venoms, serial_shops,
          nicolae_shop_crystal, minmay_misc_feat_tiny
D:5:      layout_cave_pods, minmay_joined_circles, uniq_eustachio

Skill      XL: |  1  2  3  4  5  6  7  8  9 |
---------------+----------------------------+-----
Stealth        | 1 2 4 6 |  6.3
Shapeshifting  | 4 5 6 7 |  7.7
Fighting       | 3 |  3.6
Unarmed Combat | 5 6 |  6.0
Dodging        | 3 4 |  4.0

Action                     |  1- 3 |  4- 6 |  7- 9 || total
---------------------------+-------+-------+-------++-------
  Melee: Unarmed           |    70 |    36 |   172 ||   278
         Constrict         |    19 |    17 |    46 ||    82
         Tentacles         |    13 |    15 |    51 ||    79
         Punch             |     3 |     1 |       ||     4
         Club              |       |    27 |    12 ||    39
Ability: Lunge             |       |       |    14 ||    14
         Begin Untransform |       |       |     1 ||     1
         Whirlwind         |       |       |     3 ||     3
    Use: Scroll            |       |       |     1 ||     1
   Stab: Sleeping          |     4 |     6 |     3 ||    13
         Distracted        |       |       |     1 ||     1
 Armour: Skin              |    39 |    63 |    65 ||   167
  Dodge: Dodged            |    50 |    51 |   130 ||   231
   Form: Flux              |       |       |     1 ||     1

Table legend: (Time is in decaauts)
 A = Elapsed time spent in this place.
 B = Non-inter-level travel time spent in this place.
 C = Inter-level travel time spent in this place.
 D = Time resting spent in this place.
 E = Time spent auto-exploring this place.
 F = Levels seen in this place.
 G = Mean time per level.
                   A        B        C        D        E       F      G
               +--------+--------+--------+--------+--------+-----+--------+
         Total |   4372 |   4200 |    172 |    668 |   2042 |   5 |  874.4 |
       Dungeon |   4372 |   4200 |    172 |    668 |   2042 |   5 |  874.4 |
               +--------+--------+--------+--------+--------+-----+--------+

Top non-repeatable levels by time:
     D:4: 1334 daAuts
     D:5: 1025 daAuts
     D:1: 800 daAuts
     D:2: 783 daAuts
     D:3: 429 daAuts
